 Dungeon Crawl Stone Soup version 0.28-a0-1506-g3893175d92 (webtiles) character file.

Game seed: 17877686694027600447

0 comborobin the Sneak (level 1, -21/18 HPs)
             Began as a Merfolk Delver on Jan 14, 2022.
             Killed from afar by an acid dragon (33 damage)
             ... with a splash of acid
             ... on level 5 of the Dungeon.
             The game lasted 00:00:28 (56 turns).

comborobin the Sneak (Merfolk Delver)                 Turns: 56, Time: 00:00:29

Health: -21/18     AC:  3    Str: 12    XL:     1   Next: 0%
Magic:  1/1        EV: 12    Int: 12    God:
Gold:   31         SH:  0    Dex: 15    Spells: 0/0 levels left

rFire   + + .      SeeInvis .   e - +6 whip "Caph" {vorpal, rF++ Will+ Int+3 Stlth-}
rCold   . . .      Faith    .   (no shield)
rNeg    . . .      Spirit   .   b - +0 leather armour
rPois   .          Reflect  .   (no helmet)
rElec   .          Harm     .   (no cloak)
rCorr   .          Rampage  .   (no gloves)
Will    +....                   (no boots)
Stlth   ++........              (no amulet)
HPRegen 0.06/turn               (no ring)
MPRegen 0.07/turn               (no ring)

@: no status effects
A: (nimble swimmer 2), mertail
a: no special abilities


You were on level 5 of the Dungeon.
You visited 1 branch of the dungeon, and saw 2 of its levels.

You collected 31 gold pieces.

Inventory:

Hand Weapons
 a - a +0 spear
 e - the +6 whip "Caph" (weapon) {vorpal, rF++ Will+ Int+3 Stlth-}
   (You found it on level 5 of the Dungeon)

   It inflicts extra damage upon your enemies.
   Int:       It affects your intelligence (+3).
   rF:        It greatly protects you from fire.
   Will:      It increases your willpower.
   Stlth:     It makes you less stealthy.
Armour
 b - a +0 leather armour (worn)
Wands
 g - a wand of digging (3)
Scrolls
 c - a scroll of fog
 d - a scroll of magic mapping
Potions
 f - a potion of haste


   Skills:
 - Level 3.2 Fighting
 + Level 0.0 Maces & Flails
 - Level 3.0 Polearms
 - Level 2.6 Dodging
 - Level 5.4 Stealth


You couldn't memorise any spells.
You didn't know any spells.
Your spell library was empty.

Dungeon Overview and Level Annotations

Branches:
Dungeon (6/15)
 Temple: D:4-7

Altars:

Annotations:
D:6 1 transporter, SirDiesAlot's ghost, amateur DjCj


Innate Abilities, Weirdness & Mutations

((You are very nimble when in or above water. (Stealth+, EV+, Speed+++)))
Your lower body shifts to a powerful aquatic tail in water.


Message History

Found a stone staircase leading down.
The adder moves out of view.
A gnoll opens the door.
Found 28 arrows.
There is a stone staircase leading up here.
You climb upwards.
The orc shouts! x3
Found a club and a brightly glowing whip.
There is a stone staircase leading down here.
An acid dragon comes into view.
Found a stone staircase leading down.
The orc throws a boomerang.
The boomerang barely misses you. The orc hits you with a +0 mace.
As you read the scroll of fear, it crumbles to dust.
You assume a fearsome visage.
The orc looks frightened! x3
The acid dragon looks frightened!
The acid dragon roars!
The orc gives up.
The orc begs for mercy.
The orc gives up.
You see here the +6 whip "Caph" {vorpal, rF++ Will+ Int+3 Stlth-}.
e - the +6 whip "Caph" {vorpal, rF++ Will+ Int+3 Stlth-} You feel clever.
e - the +6 whip "Caph" (weapon)
{vorpal, rF++ Will+ Int+3 Stlth-} A bullfrog skeleton comes into view.
The bullfrog skeleton hits you.
You hit the bullfrog skeleton.
The bullfrog skeleton is moderately damaged.
The bullfrog skeleton misses you.
You hit the bullfrog skeleton.
The bullfrog skeleton is heavily damaged.
The bullfrog skeleton barely misses you. x2
You whack the bullfrog skeleton!
The bullfrog skeleton is almost destroyed.
The bullfrog skeleton hits you.
You hit the bullfrog skeleton.
You destroy the bullfrog skeleton!
The acid dragon spits acid at you. The splash of acid hits you!!
Ouch! That really hurt!
You die...

..................
.................##
..................
....####.D...##.#
....###.........# .
...........### #
####.......##
....#.........###
.......>...##o@.#
.............##.....#
..............####....
............#..> ###
........)...####
............#
............#
...........##


You could see an acid dragon (catching breath) and an orc.

Vanquished Creatures
  A bullfrog skeleton (D:5)
1 creature vanquished.

Notes
Turn   | Place    | Note
-------+----------+-------------------------------------------
     0 | D:5      | comborobin the Merfolk Delver began the quest for the Orb.
     0 | D:5      | Reached XP level 1. HP: 18/18 MP: 1/1
     2 | D:5      | Noticed a wight
     2 | D:5      | Noticed a wight
    25 | D:6      | Noticed SirDiesAlot's ghost (amateur DjCj)
    25 | D:6      | Noticed a wyvern zombie
    26 | D:6      | Found a transporter.
    35 | D:5      | Noticed an acid dragon
    42 | D:5      | Identified the +6 whip "Caph" {vorpal, rF++ Will+ Int+3
                  | Stlth-}
    56 | D:5      | Killed from afar by an acid dragon

Illustrated notes

Levels and vault maps discovered:
D:5:      kennysheep_spiral_hall, layout_rooms,
          nicolae_qazlal_style_of_elements,
          nicolae_gozag_cash_rules_everything_around_me, uniq_grinder
D:6:      layout_basic, nicolae_ru_great_annihilating_truth,
          gammafunk_ghost_arena, uniq_duvessa, uniq_eustachio

Action                   || total
-------------------------++-------
Melee: Whip              ||     4
  Use: Scroll            ||     1
Dodge: Dodged            ||     4

Table legend: (Time is in decaauts)
 A = Elapsed time spent in this place.
 B = Non-inter-level travel time spent in this place.
 C = Inter-level travel time spent in this place.
 D = Time resting spent in this place.
 E = Time spent auto-exploring this place.
 F = Levels seen in this place.
 G = Mean time per level.
                   A        B        C        D        E       F      G
               +--------+--------+--------+--------+--------+-----+--------+
         Total |     56 |     56 |      0 |      0 |      2 |   2 |   28.0 |
       Dungeon |     56 |     56 |      0 |      0 |      2 |   2 |   28.0 |
               +--------+--------+--------+--------+--------+-----+--------+

Top non-repeatable levels by time:
     D:5: 33 daAuts
     D:6: 22 daAuts
